 Dungeon Crawl Stone Soup version 0.23-a0-539-g3f6f39f (webtiles) character file.

627361 MisterFreud the Wrestler (level 27, -34/261 HPs)
             Began as a Troll Hunter on Dec 7, 2018.
             Was the Champion of Okawaru.
             Killed from afar by an orb of fire (40 damage)
             ... with a bolt of fire
             ... on level 5 of the Realm of Zot.
             The game lasted 03:38:10 (62517 turns).

MisterFreud the Wrestler (Troll Hunter)            Turns: 62517, Time: 03:38:11

Health: -34/261    AC: 48    Str: 37      XL:     27
Magic:  15/23      EV: 14    Int:  9 (10) God:    Okawaru [******]
Gold:   1098       SH: 33    Dex: 15      Spells: 26/26 levels left

rFire    x . .     SeeInvis .     - Unarmed
rCold    + . .     Gourm    +   H - +8 large shield {AC+3}
rNeg     + . .     Faith    +   g - +10 shadow dragon scales of the Hart {rPois Int+3 Dex+5 Stlth++++}
rPois    +         Spirit   .   Q - +2 hat {MR+}
rElec    +         Reflect  .   V - +2 cloak {MR+}
rCorr    .         Harm     .   (gloves unavailable)
MR       ++++.                  (boots unavailable)
Stlth    ++++......             a - amulet of faith
HPRegen  0.93/turn              k - ring "Fimat" {rElec rF- rC+ rN+ Slay+6}
MPRegen  0.18/turn              r - ring of Robustness {AC+8}

@: heroism, finesse, slowed, drained, very slow
A: large, unfitting armour, beak, claws 3, fast metabolism 3, frail 1, gourmand,
low mp 2, regeneration 1, shaggy fur 1, tough skin 2, MP-powered wands
}: 3/15 runes: serpentine, barnacled, silver
a: Heroism, Finesse, Renounce Religion


You were on level 5 of the Realm of Zot.
You worshipped Okawaru.
Okawaru was exalted by your worship.
You were full.

You visited 10 branches of the dungeon, and saw 50 of its levels.
You visited the Abyss 1 time.
You visited 1 bazaar.
You also visited: Desolation.

You collected 10426 gold pieces.
You spent 9328 gold pieces at shops.

Inventory:

Missiles
 c - 155 large rocks (quivered)
 d - 11 throwing nets
 q - 47 javelins
 u - 9 javelins of penetration
Armour
 g - the +10 shadow dragon scales of the Hart (worn) {rPois Int+3 Dex+5 Stlth++++}
   (You acquired it on level 8 of the Dungeon)

   It affects your intelligence (+3).
   It affects your dexterity (+5).
   It protects you from poison.
   It makes you much more stealthy.
 H - a +8 large shield of protection (worn)
 Q - a +2 hat of magic resistance (worn)
 V - a +2 cloak of magic resistance (worn)
Jewellery
 a - an amulet of faith (around neck)
 k - the ring "Fimat" (left claw) {rElec rF- rC+ rN+ Slay+6}
   (You bought it in a shop on level 5 of the Vaults)

   [ring of protection from cold]

   It affects your accuracy and damage with ranged weapons and melee attacks
   (+6).
   It makes you vulnerable to fire.
   It protects you from cold.
   It insulates you from electricity.
   It protects you from negative energy.
 m - an uncursed ring of protection from fire
 r - the ring of Robustness (right claw) {AC+8}
   (You bought it in a shop on level 3 of the Depths)

   [ring of protection]

   It affects your AC (+8).
 N - an uncursed ring of see invisible
 O - the ring of Phasing {EV+8}
   (You bought it in a shop on level 2 of the Orcish Mines)

   [ring of evasion]

   It affects your evasion (+8).
Wands
 b - a wand of clouds (8)
 j - a wand of digging (6)
 p - a wand of enslavement (17)
 w - a wand of paralysis (19)
 y - a wand of iceblast (43)
 C - a wand of scattershot (7)
 G - a wand of flame (72)
 J - a wand of acid (43)
 L - a wand of disintegration (67)
 P - a wand of polymorph (23)
Scrolls
 h - 25 scrolls of identify
 i - 5 scrolls of fear
 l - 3 scrolls of enchant armour
 n - a scroll of blinking
 s - 20 scrolls of teleportation
 A - 8 scrolls of fog
 E - 2 scrolls of summoning
 I - 4 scrolls of magic mapping
 K - 17 scrolls of remove curse
 R - 2 scrolls of silence
Potions
 e - 8 potions of agility
 o - 4 potions of mutation
 x - 27 potions of curing
 z - 6 potions of haste
 B - 4 potions of might
 D - 8 potions of brilliance
 F - 5 potions of invisibility
 T - 2 potions of ambrosia
 U - 2 potions of berserk rage
 Y - 2 potions of magic
 Z - 5 potions of cancellation
Miscellaneous
 v - a phial of floods
 S - 2 sacks of spiders
 W - a lamp of fire
 X - 5 phantom mirrors
Comestibles
 f - 67 rations
 M - a chunk of flesh


   Skills:
 - Level 20.0(23.6) Fighting
 - Level 21.0(24.6) Throwing
 - Level 16.0(19.7) Armour
 - Level 6.2(10.2) Dodging
 - Level 0.3(4.5) Stealth
 + Level 14.4(18.2) Shields
 - Level 22.0(25.6) Unarmed Combat
 - Level 10.0(9.0) Invocations
 - Level 10.0(9.0) Evocations


You had 26 spell levels left.
You didn't know any spells.
Your spell library contained the following spells:

 Spells                   Type           Power        Failure   Level  Hunger
 Animate Skeleton         Necr           N/A          65%         1    ##.....
 Apportation              Tloc           #.....       65%         1    ##.....
 Confusing Touch          Hex            #.....       65%         1    ##.....
 Freeze                   Ice            #...         65%         1    ##.....
 Infusion                 Chrm           #...         65%         1    ##.....
 Magic Dart               Conj           #...         65%         1    ##.....
 Pain                     Necr           #...         65%         1    ##.....
 Shock                    Conj/Air       #...         65%         1    ##.....
 Summon Butterflies       Summ           #.......     65%         1    ##.....
 Summon Small Mammal      Summ           #...         65%         1    ##.....
 Blink                    Tloc           N/A          80%         2    ###....
 Call Imp                 Summ           #.......     80%         2    ###....
 Ensorcelled Hibernation  Hex/Ice        #.....       80%         2    ###....
 Passwall                 Tmut/Erth      #.......     80%         2    ###....
 Shroud of Golubria       Chrm/Tloc      #.........   80%         2    ###....
 Slow                     Hex            #.......     80%         2    ###....
 Song of Slaying          Chrm           #.......     80%         2    ###....
 Swiftness                Chrm/Air       #.......     80%         2    ###....
 Throw Frost              Conj/Ice       #.....       80%         2    ###....
 Confuse                  Hex            #.......     95%         3    ####...
 Conjure Flame            Conj/Fire      #.......     95%         3    ####...
 Gell's Gravitas          Tloc           #.........   95%         3    ####...
 Lesser Beckoning         Tloc           #.........   95%         3    ####...
 Mephitic Cloud           Conj/Pois/Air  #.......     95%         3    ####...
 Ozocubu's Armour         Chrm/Ice       #.......     95%         3    ####...
 Recall                   Summ/Tloc      N/A          95%         3    ####...
 Regeneration             Chrm/Necr      #.........   95%         3    ####...
 Spectral Weapon          Hex/Chrm       #.......     95%         3    ####...
 Spider Form              Tmut/Pois      #.........   95%         3    ####...
 Static Discharge         Conj/Air       #.......     95%         3    ####...
 Tukima's Dance           Hex            #.......     95%         3    ####...
 Vampiric Draining        Necr           #.........   95%         3    ####...
 Airstrike                Air            #.........   100%        4    #####..
 Animate Dead             Necr           N/A          100%        4    #####..
 Force Lance              Conj/Tloc      #.......     100%        4    #####..
 Ice Form                 Ice/Tmut       #.......     100%        4    #####..
 Passage of Golubria      Tloc           N/A          100%        4    #####..
 Petrify                  Tmut/Erth      #.......     100%        4    #####..
 Summon Ice Beast         Ice/Summ       #.......     100%        4    #####..
 Throw Icicle             Conj/Ice       #.......     100%        4    #####..
 Alistair's Intoxication  Tmut/Pois      #.......     100%        5    ######.
 Borgnjor's Vile Clutch   Necr/Erth      #.........   100%        5    ######.
 Irradiate                Conj/Tmut      #.........   100%        5    ######.
 Lee's Rapid Deconstruct  Erth           #.........   100%        5    ######.
 Lightning Bolt           Conj/Air       #.........   100%        5    ######.
 Metabolic Englaciation   Hex/Ice        #.........   100%        5    ######.
 Silence                  Hex/Air        #.........   100%        5    ######.
 Yara's Violent Unravell  Hex/Tmut       #.........   100%        5    ######.
 Conjure Ball Lightning   Conj/Air       #.........   100%        6    #######
 Darkness                 Hex            #.........   100%        6    #######
 Death Channel            Necr           #.........   100%        6    #######
 Hydra Form               Tmut           #.........   100%        6    #######
 Invisibility             Hex            #.......     100%        6    #######
 Shadow Creatures         Summ           N/A          100%        6    #######
 Simulacrum               Ice/Necr       #.........   100%        6    #######
 Statue Form              Tmut/Erth      #........    100%        6    #######
 Dragon Form              Tmut           #.........   100%        7    #######
 Malign Gateway           Summ/Tloc      #.........   100%        7    #######
 Monstrous Menagerie      Summ           #.........   100%        7    #######
 Summon Greater Demon     Summ           #.........   100%        7    #######
 Summon Horrible Things   Summ           #.........   100%        8    #######


Dungeon Overview and Level Annotations

Branches:
Dungeon (15/15)            Temple (1/1) D:6            Lair (6/6) D:11
 Shoals (4/4) Lair:2        Snake (4/4) Lair:4          Orc (2/2) D:9
    Elf (3/3) Orc:2        Vaults (5/5) D:13          Crypt (0/3) Vaults:2
 Depths (5/5) D:15            Zot (5/5) Depths:5
  Slime: Lair:5-6

Altars:
Ashenzari
Cheibriados
Dithmenos
Elyvilon
Fedhas
Gozag
Hepliaklqana
Kikubaaqudgha
Makhleb
Nemelex Xobeh
Okawaru
Qazlal
Ru
Sif Muna
Trog
Uskayaw
Vehumet
Wu Jian
Xom
Yredelemnul
Zin
The Shining One
Jiyva

Shops:
D:6 *   D:8 ?   D:13 [   Orc:2 *}?=   Elf:1 %   Elf:3 !   Shoals:2 *
Shoals:4 [[:?   Snake:1 ?=!?   Snake:2 =   Vaults:2 *   Vaults:4 %*(*
Vaults:5 =   Depths:1 *   Depths:3 =   Depths:4 }=}

Portals:
Hell: Depths:1 Depths:3 Depths:4 Depths:5
Abyss: Depths:1 Depths:3 Depths:4
Pandemonium: Depths:1 Depths:3
Ziggurat: Depths:5
Trove: D:10 (give 7 potions of haste)

Annotations:
D:2 2 transporters
D:13 2 transporters, DEFE's ghost, novice DgSu
D:14 exclusion: orange crystal statue
Lair:4 3 runed doors, exclusion: 3 oklob plants, Atiagead's ghost, adept DrCj
Lair:5 2 transporters, exclusion: oklob plant, Dudiycywn's ghost, journeyman HaGl
Shoals:3 3 runed doors
Snake:4 exclusion: Roxanne, Roxanne
Depths:2 exclusion: orange crystal statue
Zot:5 exclusion: obsidian statue


Innate Abilities, Weirdness & Mutations

You are too large for most types of armour.
You have claws for hands.
Your metabolism is lightning-fast.
You like to eat raw meat.
Your natural rate of healing is unusually fast.
You are covered in fur. (AC +1)
You have very tough skin. (AC +2)
You have a beak for a mouth.
You are frail. (-10% HP)
Your magical capacity is very low. (-20% MP)
You expend magic power (3 MP) to strengthen your wands.


Message History

You feel your power leaking away.
You feel less invigorated.
You feel less confused. You block the death cob's attack.
The orb of fire glows deep purple.
The bolt of fire hits the wraith.
The wraith is destroyed!
The bolt of fire hits you! The fire burns you terribly!
* * * LOW HITPOINT WARNING * * *
The death cob hits you!
* * * LOW HITPOINT WARNING * * *
The death cob drains your vigour!
You feel yourself slow down.
Something touches you but does no damage.
You hear a distant "Zot"!
Okay, then.
The phantasmal warrior blinks!
The phantom blinks!
You block the phantasmal warrior's attack.
The orb of fire glows bright magenta.
The bolt of fire hits you! The fire burns you terribly!
You die...

..............,,,,,,,,*,,,......^
...8....§.....,,,,,,,,**,,X...X..
...........*..,,,,,,,,***,......▓
%.........y.^.,,,,,,,,* **▓▓▓▓▓▓*
...........L..,,,,,,,**
........L.....,,,,,***
▓.....8..^....,,****
▓▓.....##▓▓▓#▓▓▓▓▓▓▓#
#..^.....(...WWW@...###
........§....W2*##....##
.................###...##########
..^.....(W....yWz.###............
...........z......# ##........^).
^..........*......# #...^.......
.............W....# ##..........
.^...^.^.^.....^..# #..^.......
,,..........^.....# ##....^.....


You could see 2 orbs of fire, a death cob, a shadow demon, a moth of wrath, 2
phantasmal warriors, a freezing wraith, 2 phantoms, a hungry ghost and a wraith.

Vanquished Creatures
  Tiamat (Zot:3)
  3 ancient liches (Zot:5)
  4 orbs of fire
  Mara (Vaults:3)
  A juggernaut (Depths:4)
  Frederick (Vaults:3)
  A curse toe (Zot:1)
  Saint Roka (Vaults:3)
  Vashnia (Snake:2)
  6 golden dragons
  Nikola (Snake:3)
  Jory (Depths:3)
  2 bone dragons (Depths:5)
  An electric golem (Zot:1)
  13 tentacled monstrosities
  A deep elf blademaster (Elf:3)
  2 liches
  Rupert (D:13)
  13 Orb Guardians (Zot:5)
  2 deep elf master archers (Elf:3)
  A titan (Vaults:5)
  6 quicksilver dragons
  A kraken (Shoals:1)
  Kirke (Snake:2)
  7 sphinxes
  7 death cobs
  5 draconian monks
  8 tengu reavers
  11 storm dragons
  10 shadow dragons
  Ilsuiw (Shoals:4)
  2 orc warlords
  An iron dragon (Depths:4)
  11 nagarajas
  12 fire giants
  7 draconian shifters
  6 ghost moths
  A caustic shrike zombie (Depths:1)
  5 draconian knights
  5 deep elf elementalists (Elf:3)
  2 deep elf sorcerers
  25 vault wardens
  7 draconian scorchers
  Louise (Snake:4)
  4 draconian stormcallers
  6 frost giants
  2 entropy weavers
  7 very ugly things (Depths:5)
  6 draconian annihilators
  2 spriggan defenders
  16 stone giants
  2 war gargoyles
  13 ironheart preservers
  3 vampire knights
  A juggernaut skeleton (Depths:3)
  10 black draconians
  Azrael (Snake:3)
  9 yellow draconians
  14 green draconians
  11 deep elf annihilators
  13 white draconians
  7 purple draconians
  A spark wasp (Depths:4)
  10 red draconians
  11 deep elf demonologists
  13 ettins
  Snorg (D:13)
  8 deep elf death magi
  4 merfolk javelineers
  2 crystal guardians
  7 merfolk impalers
  7 fire dragons
  A fire dragon (shapeshifter) (Elf:1)
  19 yaktaur captains
  6 jiangshi (Depths:3)
  Josephine (Lair:6)
  7 deep elf high priests
  3 rakshasas
  Erolcha (D:13)
  10 great orbs of eyes
  13 ogre magi
  8 ice dragons
  Harold (D:8)
  39 vault guards
  5 hydras
  7 catoblepae
  19 naga warriors
  7 spriggan air magi
  7 merfolk avatars
  7 centaur warriors
  19 anacondas
  2 merfolk aquamancers
  Erica (D:11)
  42 two-headed ogres
  A queen ant (Lair:4)
  2 death knights (Vaults:5)
  6 death yaks (Lair:6)
  7 deep troll earth magi
  30 dancing weapons
  A satyr (Shoals:4)
  10 deep troll shamans
  10 orc high priests
  A tengu warrior (D:15)
  3 spriggan berserkers
  7 vampire magi
  Sonja (Lair:2)
  11 naga sharpshooters
  Urug (D:11)
  21 deep elf knights
  5 shadow wraiths
  10 shock serpents
  2 fire crabs (shapeshifter)
  8 skeletal warriors
  2 hell knights
  5 salamander mystics (Snake:4)
  3 unseen horrors
  24 deep trolls
  A spectral anaconda (Depths:2)
  A death drake (Abyss:3)
  A swamp dragon (shapeshifter) (Depths:1)
  11 sea snakes
  A death drake (shapeshifter) (Vaults:2)
  4 iron trolls
  A glowing orange brain (Depths:3)
  A glowing orange brain (shapeshifter) (Depths:5)
  14 wizards
  20 ironbrand convokers
  6 naga ritualists
  11 phantasmal warriors
  15 deep elf archers
  3 flayed ghosts
  23 orc knights
  Pikel (D:8)
  2 necromancers
  A wolf spider zombie (D:15)
  4 lindwurms (Snake:4)
  6 harpies
  60 deep elf magi
  3 frost giant zombies
  3 orc sorcerers
  24 manticores
  39 ugly things
  A shadow dragon skeleton (Depths:3)
  2 oklob plants (D:11)
  7 fire giant zombies
  15 mana vipers
  10 cyclopes
  A moth of wrath (shapeshifter) (Vaults:5)
  16 fauns
  A tengu skeleton (Vaults:2)
  3 wolf spiders
  A black mamba (shapeshifter) (Vaults:3)
  12 salamanders
  25 moths of wrath
  9 guardian serpents
  39 black mambas
  An eye of devastation (shapeshifter) (Abyss:3)
  A frost giant skeleton (Vaults:2)
  4 water nymphs
  9 merfolk sirens
  4 human skeletons (Vaults:2)
  11 vault sentinels
  28 naga magi
  A storm dragon simulacrum (Vaults:2)
  A smoke demon (Abyss:3)
  3 gargoyles
  3 spiny frogs
  A spiny frog (shapeshifter) (Vaults:1)
  6 freezing wraiths
  A komodo dragon (shapeshifter) (Vaults:2)
  65 yaktaurs
  3 rime drakes
  2 kobold demonologists
  5 komodo dragons
  An ancient zyme (Abyss:3)
  An efreet (D:15)
  A queen bee (D:10)
  A meliai (shapeshifter) (Vaults:3)
  2 yaktaur skeletons (Vaults:2)
  20 merfolk
  4 tengu conjurers
  4 wind drakes
  4 polar bears
  10 trolls
  3 saltlings
  10 hornets
  39 slime creatures
  15 blink frogs
  A hippogriff (shapeshifter) (Vaults:2)
  A tengu simulacrum (Depths:1)
  6 raiju
  11 hippogriffs
  2 large abominations
  2 stone giant simulacra
  5 air elementals
  11 dream sheep
  11 snapping turtles
  6 flying skulls (Depths:3)
  A meliai zombie (D:15)
  A fire giant simulacrum (Depths:1)
  A redback (shapeshifter) (Depths:5)
  A shadow (Depths:2)
  A tarantella (shapeshifter) (Vaults:4)
  6 hogs (Snake:2)
  16 water elementals
  5 fire elementals
  A hog (shapeshifter) (Elf:2)
  7 small abominations
  4 wyverns
  Eustachio (D:6)
  4 basilisks
  10 wraiths
  52 yaks
  A yak (shapeshifter) (Vaults:1)
  6 spriggans
  2 human simulacra (Vaults:2)
  A golden eye (shapeshifter) (Vaults:4)
  3 hungry ghosts
  Grum (D:11)
  A basilisk (shapeshifter) (Vaults:1)
  7 vampire mosquitoes
  8 soldier ants
  19 wargs
  3 acid dragons
  A soldier ant (shapeshifter) (Vaults:1)
  55 nagas
  A floating eye (Depths:4)
  16 water moccasins
  7 hell hounds
  A swamp drake (shapeshifter) (Vaults:5)
  4 ice beasts
  3 sky beasts
  4 porcupines
  75 orc warriors
  An eye of draining (shapeshifter) (Vaults:2)
  4 black bears
  An alligator simulacrum (Abyss:3)
  13 boggarts
  2 eyes of draining
  34 wolves
  43 ogres
  12 centaurs
  7 crocodiles
  An elf skeleton (Vaults:2)
  2 orc skeletons (Vaults:2)
  15 bullfrogs
  A bullfrog (shapeshifter) (Vaults:5)
  A gnoll sergeant (D:5)
  9 earth elementals
  A wyvern skeleton (D:11)
  5 scorpions
  4 wights (D:6)
  23 killer bees
  A spectral wolf (Depths:3)
  4 howler monkeys
  2 electric eels
  7 crimson imps
  4 bullfrog zombies
  6 centaur zombies
  A quasit (Abyss:3)
  3 hounds
  5 jellies
  37 orc wizards
  3 bullfrog skeletons
  4 centaur skeletons
  31 orc priests
  2 iron imps
  Terence (D:3)
  Natasha (thrice) (D:4)
  10 iguanas
  23 worker ants
  A hound zombie (D:10)
  A hound skeleton (D:6)
  A worker ant zombie (D:6)
  8 adders
  19 gnolls
  6 shadow imps
  A white imp (Abyss:3)
  2 oozes
  An adder zombie (D:5)
  An adder skeleton (D:6)
  5 worms
  A dart slug (D:1)
  9 leopard geckos
  132 orcs
  A ball python (D:1)
  2 bats (D:2)
  9 giant cockroaches
  8 goblins
  6 hobgoblins
  10 jackals
  6 quokkas
  3 frilled lizards
  2 jackal skeletons
  10 kobolds
  A leopard gecko skeleton (D:6)
  A quokka skeleton (D:5)
  16 rats
  A crawling corpse (Elf:3)
  3 tentacles (Shoals:1)
2428 creatures vanquished.

Vanquished Creatures (others)
  A satyr (Shoals:3)
  3 naga sharpshooters
  A shadow wraith (Vaults:1)
  A deep elf knight (Elf:2)
  A naga ritualist (Snake:3)
  6 deep elf magi
  A mana viper (Snake:3)
  A cyclops (Shoals:2)
  A faun (Shoals:3)
  A moth of wrath (Zot:5)
  3 black mambas
  A yaktaur (D:13)
  A raiju (Abyss:3)
  A human (Snake:2)
  A naga (Snake:2)
  An ogre (Vaults:2)
  A wolf (Depths:3)
  A centaur (Shoals:4)
  A small abomination (Abyss:3)
  An orc (Orc:2)
  6 fungi
  A lurking horror (Abyss:3)
  28 plants
  7 tentacles (Shoals:1)
71 creatures vanquished.

Grand Total: 2499 creatures vanquished

Notes
Turn   | Place    | Note
-------+----------+-------------------------------------------
     0 | D:1      | MisterFreud the Troll Hunter began the quest for the Orb.
     0 | D:1      | Reached XP level 1. HP: 19/19 MP: 0/0
    62 | D:1      | Reached skill level 1 in Unarmed Combat
   260 | D:1      | Reached XP level 2. HP: 27/27 MP: 1/1
   322 | D:1      | Reached skill level 2 in Unarmed Combat
   839 | D:2      | Reached XP level 3. HP: 30/33 MP: 2/2
   864 | D:2      | Reached skill level 3 in Unarmed Combat
  1092 | D:2      | Found a stormy altar of Qazlal.
  1105 | D:2      | Found a faded altar of an unknown god.
  1110 | D:2      | Reached XP level 4. HP: 36/41 MP: 3/3
  1297 | D:2      | Found a transporter.
  1301 | D:2      | Found a transporter.
  1341 | D:2      | Found a blossoming altar of Fedhas.
  1343 | D:2      | Found a deep blue altar of Sif Muna.
  1368 | D:2      | Found a bloodstained altar of Trog.
  1375 | D:2      | Reached skill level 4 in Unarmed Combat
  1803 | D:3      | Found a sparkling altar of Nemelex Xobeh.
  1913 | D:3      | Noticed Terence
  1921 | D:3      | Killed Terence
  1946 | D:3      | Reached XP level 5. HP: 48/48 MP: 4/4
  2197 | D:3      | Reached skill level 5 in Unarmed Combat
  2199 | D:3      | HP: 2/48 [gnoll/+0 club (3)]
  2617 | D:4      | Found a hazy altar of Hepliaklqana.
  2674 | D:4      | Found an ornate altar of the Wu Jian Council.
  2717 | D:4      | Noticed an ogre
  2722 | D:4      | Killed an ogre
  2722 | D:4      | Reached skill level 6 in Unarmed Combat
  2722 | D:4      | Reached XP level 6. HP: 21/55 MP: 5/5
  2788 | D:4      | You fall through a shaft for 2 floors!
  2789 | D:6      | Noticed a sky beast
  2803 | D:6      | Killed a sky beast
  2868 | D:6      | Found a staircase to the Ecumenical Temple.
  2879 | Temple   | Entered the Ecumenical Temple
  2923 | Temple   | Became a worshipper of Warmaster Okawaru
  3044 | D:6      | Reached skill level 7 in Unarmed Combat
  3157 | D:6      | Reached XP level 7. HP: 62/62 MP: 6/6
  3233 | D:6      | Reached skill level 8 in Unarmed Combat
  3316 | D:6      | Reached * piety under Okawaru
  3342 | D:5      | Entered Level 5 of the Dungeon
  3398 | D:4      | Noticed Natasha
  3402 | D:4      | Killed Natasha
  3596 | D:5      | Reached skill level 5 in Throwing
  3618 | D:5      | Reached XP level 8. HP: 50/70 MP: 7/7
  3766 | D:5      | Reached ** piety under Okawaru
  4396 | D:5      | Reached skill level 1 in Shields
  4540 | D:5      | Reached XP level 9. HP: 43/76 MP: 8/8
  4729 | D:4      | Reached skill level 5 in Dodging
  4745 | D:4      | Reached *** piety under Okawaru
  4857 | D:4      | Found a shimmering altar of Xom.
  5177 | D:4      | Noticed Natasha
  5187 | D:4      | Killed Natasha
  5301 | D:4      | Noticed Natasha
  5309 | D:4      | Killed Natasha
  5409 | D:6      | Noticed Eustachio
  5437 | D:6      | Killed Eustachio
  5520 | D:6      | Found an opulent altar of Gozag.
  5525 | D:6      | Found Gozag's Platinum Reserve.
  5890 | D:6      | Reached **** piety under Okawaru
  6410 | D:7      | Found a white marble altar of Elyvilon.
  6544 | D:7      | Found a blossoming altar of Fedhas.
  7078 | D:7      | Reached skill level 5 in Fighting
  7078 | D:7      | Reached XP level 10. HP: 71/96 MP: 9/9
  7346 | D:8      | Noticed Pikel
  7370 | D:8      | Killed Pikel
  7436 | D:8      | Reached skill level 1 in Invocations
  7588 | D:8      | Reached ***** piety under Okawaru
  7857 | D:8      | Noticed Harold
  7870 | D:8      | Killed Harold
  7870 | D:8      | Received a gift from Okawaru
  7871 | D:8      | Found a glowing silver altar of Zin.
  8038 | D:8      | Found Serapp's Magic Scroll Shoppe.
  8046 | D:8      | Bought a scroll of teleportation for 45 gold pieces
  8046 | D:8      | Bought a scroll of fog for 30 gold pieces
  8046 | D:8      | Bought a scroll of magic mapping for 52 gold pieces
  8046 | D:8      | Bought a scroll of blinking for 112 gold pieces
  8050 | D:8      | Identified a scroll of acquirement
  8051 | D:8      | Got heavily runed shadow dragon scales
  8062 | D:8      | Identified the +10 shadow dragon scales of the Hart {rPois
                  | Int+3 Dex+5 Stlth++++} (You acquired it on level 8 of the
                  | Dungeon)
  8132 | D:9      | Received a gift from Okawaru
  8206 | D:9      | Reached skill level 1 in Armour
  8206 | D:9      | Reached skill level 5 in Invocations
  8479 | D:9      | Found a staircase to the Orcish Mines.
  8854 | D:8      | Received a gift from Okawaru
  8887 | D:8      | Reached XP level 11. HP: 97/105 MP: 14/14
  9058 | D:10     | Entered Level 10 of the Dungeon
  9200 | D:10     | Noticed a two-headed ogre
  9206 | D:10     | Killed a two-headed ogre
  9360 | D:10     | Reached skill level 5 in Armour
  9532 | D:10     | Received a gift from Okawaru
  9865 | D:10     | Found a radiant altar of Vehumet.
  9941 | D:10     | Received a gift from Okawaru
 10017 | D:10     | Noticed a vault guard
 10039 | D:10     | Killed a vault guard
 10042 | D:10     | Found a portal to a secret trove of treasure.
 10202 | D:11     | Noticed a two-headed ogre
 10207 | D:11     | Killed a two-headed ogre
 10232 | D:11     | Noticed a cyan ugly thing
 10235 | D:11     | Noticed Erica
 10238 | D:11     | Killed a cyan ugly thing
 10335 | D:11     | Killed an unseen horror
 10354 | D:11     | Reached ****** piety under Okawaru
 10380 | D:11     | Received a gift from Okawaru
 10409 | D:11     | Killed Erica
 10466 | D:11     | Reached XP level 12. HP: 108/114 MP: 16/16
 10527 | D:11     | Noticed Urug
 10551 | D:11     | Killed Urug
 10599 | D:11     | Noticed Grum
 10658 | D:11     | Killed Grum
 10869 | D:11     | Found a staircase to the Lair.
 11549 | D:11     | Reached skill level 9 in Unarmed Combat
 11724 | D:12     | Received a gift from Okawaru
 12017 | D:12     | Received a gift from Okawaru
 12213 | Lair:1   | Entered Level 1 of the Lair of Beasts
 12225 | Lair:1   | Reached skill level 10 in Unarmed Combat
 12483 | Lair:1   | Reached skill level 10 in Armour
 13070 | Lair:2   | Received a gift from Okawaru
 13145 | Lair:2   | Reached XP level 13. HP: 117/124 MP: 18/18
 13166 | Lair:2   | Noticed Sonja
 13193 | Lair:2   | Killed Sonja
 13532 | Lair:2   | Received a gift from Okawaru
 13553 | Lair:2   | Found a staircase to the Shoals.
 13678 | Lair:2   | Received a gift from Okawaru
 14207 | Lair:2   | Reached skill level 1 in Evocations
 14953 | Lair:4   | Noticed an entropy weaver
 14956 | Lair:4   | Noticed an entropy weaver
 15191 | Lair:4   | Killed an entropy weaver
 15191 | Lair:4   | Reached skill level 5 in Evocations
 15452 | Lair:4   | Found a runed gate.
 15452 | Lair:4   | Found a runed gate.
 15452 | Lair:4   | Found a runed gate.
 15456 | Lair:4   | Noticed Atiagead's ghost (adept DrCj)
 15501 | Lair:3   | Killed an entropy weaver
 15604 | Lair:4   | Received a gift from Okawaru
 15740 | Lair:4   | Found a staircase to the Snake Pit.
 15777 | Lair:4   | Received a gift from Okawaru
 16225 | Lair:5   | Noticed Dudiycywn's ghost (journeyman HaGl)
 16655 | Lair:5   | Found a transporter.
 16657 | Lair:5   | Found a transporter.
 17101 | Lair:6   | Entered Level 6 of the Lair of Beasts
 17146 | Lair:6   | Noticed Josephine
 17369 | Lair:6   | Reached XP level 14. HP: 134/141 MP: 19/19
 17547 | Lair:6   | Reached skill level 10 in Fighting
 17609 | Lair:6   | Killed Josephine
 18727 | Lair:6   | Received a gift from Okawaru
 18740 | Lair:6   | Reached skill level 11 in Unarmed Combat
 19233 | Lair:2   | Got a crystal war axe
 19234 | Lair:2   | Identified the +7 war axe of the Five Tales {venom, rF+
                  | Str+4 Dex-3} (You found it on level 2 of the Lair of
                  | Beasts)
 19433 | D:5      | Got a shimmering dagger
 19459 | D:6      | Identified the +5 dagger of Togguq {vamp, rElec rC+ Int+3}
                  | (You found it on level 5 of the Dungeon)
 19644 | Orc:1    | Entered Level 1 of the Orcish Mines
 19646 | Orc:1    | Noticed an orc warlord
 19671 | Orc:1    | Killed an orc warlord
 19864 | Orc:1    | Received a gift from Okawaru
 20140 | Orc:2    | Entered Level 2 of the Orcish Mines
 20181 | Orc:1    | Reached skill level 12 in Unarmed Combat
 20333 | Orc:2    | Found a staircase to the Elven Halls.
 20816 | Orc:2    | Received a gift from Okawaru
 21429 | Orc:2    | Reached XP level 15. HP: 120/149 MP: 20/20
 21633 | Orc:1    | Received a gift from Okawaru
 21930 | Orc:2    | Found Seownesch's Assorted Antiques.
 21931 | Orc:2    | Found Neovvues's Magic Scroll Shoppe.
 21931 | Orc:2    | Found Suwnuofi's Gadget Emporium.
 21932 | Orc:2    | Found Cifecotim's Jewellery Shoppe.
 21938 | Orc:2    | Bought the ring of Phasing {EV+8} for 1280 gold pieces
 21938 | Orc:2    | Found the ring of Phasing {EV+8}
 21956 | Orc:2    | Bought a scroll of teleportation for 81 gold pieces
 22282 | Snake:1  | Entered Level 1 of the Snake Pit
 22524 | Snake:1  | Reached skill level 5 in Shields
 22808 | Snake:1  | Found Veuxir's Jewellery Shop.
 22810 | Snake:1  | Found Haoh's Magic Scroll Boutique.
 22810 | Snake:1  | Found Sikh's Magic Scroll Shop.
 22813 | Snake:1  | Found Asiskih's Distillery.
 22981 | Snake:1  | Received a gift from Okawaru
 23723 | Snake:2  | Noticed Vashnia
 24126 | Snake:2  | Received a gift from Okawaru
 24192 | Snake:2  | Noticed a nagaraja
 24201 | Snake:2  | Killed a nagaraja
 24434 | Snake:2  | Identified the +4 scale mail "Imis" {rC+ rN+}
 24552 | Snake:2  | Received a gift from Okawaru
 24867 | Snake:2  | Noticed Kirke
 24930 | Snake:2  | Killed Kirke
 24930 | Snake:2  | Reached skill level 10 in Shields
 24930 | Snake:2  | Reached XP level 16. HP: 153/158 MP: 18/21
 25158 | Snake:2  | Found Canal's Jewellery Shop.
 25299 | Snake:2  | Killed Vashnia
 25308 | Snake:2  | Received a gift from Okawaru
 25829 | Snake:3  | Noticed Azrael
 25930 | Snake:3  | Killed Azrael
 26188 | Snake:3  | Noticed Nikola
 26800 | Elf:1    | Entered Level 1 of the Elven Halls
 27033 | Elf:1    | Received a gift from Okawaru
 27185 | Elf:1    | Reached skill level 10 in Evocations
 27524 | Elf:1    | Found Manug's Food Boutique.
 28178 | Elf:1    | Reached skill level 10 in Invocations
 28178 | Elf:1    | Reached XP level 17. HP: 104/166 MP: 23/23
 28799 | Elf:2    | Found a ruined gateway.
 28853 | Elf:2    | Received a gift from Okawaru
 28904 | Elf:2    | Reached skill level 13 in Unarmed Combat
 28947 | Desolati | Entered the Desolation of Salt
 29179 | Elf:2    | Cast into level 2 of the Abyss (+0 glaive of distortion)
 29584 | Abyss:3  | Gained mutation: You are dopey. (Int -2) [a neqoxec]
 29676 | Elf:2    | Escaped the Abyss
 29689 | Elf:2    | Received a gift from Okawaru
 29774 | Elf:2    | Found a runed gate.
 29774 | Elf:2    | Found a runed gate.
 29774 | Elf:2    | Found a runed gate.
 29974 | Elf:2    | Reached skill level 14 in Unarmed Combat
 30222 | Elf:2    | Received a gift from Okawaru
 30660 | Elf:3    | Entered Level 3 of the Elven Halls
 30680 | Elf:3    | Reached skill level 15 in Unarmed Combat
 30745 | Elf:3    | Found Tuaptol's Distillery.
 30753 | Elf:3    | Bought a potion of cancellation for 112 gold pieces
 30753 | Elf:3    | Bought a potion of resistance for 140 gold pieces
 31461 | Shoals:1 | Entered Level 1 of the Shoals
 31663 | Shoals:1 | You fall through a shaft!
 31666 | Shoals:2 | Found Tozoru's Tempting Trifles.
 31841 | Shoals:1 | Received a gift from Okawaru
 32055 | Shoals:1 | Noticed a kraken
 32075 | Shoals:1 | Killed a kraken
 32075 | Shoals:1 | Reached skill level 16 in Unarmed Combat
 32255 | Shoals:2 | Reached XP level 18. HP: 102/174 MP: 24/24
 33370 | Shoals:3 | Found a runed gate.
 33372 | Shoals:3 | Found a runed gate.
 33373 | Shoals:3 | Found a runed gate.
 33414 | Shoals:3 | Reached skill level 17 in Unarmed Combat
 33648 | Shoals:3 | Received a gift from Okawaru
 33944 | Shoals:4 | Entered Level 4 of the Shoals
 34107 | Shoals:4 | Found a flickering gateway to a bazaar.
 34114 | Bazaar   | Entered a bazaar
 34114 | Bazaar   | Found Umoaw's Food Shop.
 34114 | Bazaar   | Found Lishopigu's Weapon Shoppe.
 34117 | Bazaar   | Found Ejeg Via's Weapon Boutique.
 34117 | Bazaar   | Found Qurohue's Gadget Shoppe.
 34257 | Shoals:4 | Found Woczithairch's Magic Scroll Shoppe.
 34277 | Shoals:4 | Found Taarrath's Book Shop.
 34280 | Shoals:4 | Found Jeuhasi's Antique Armour Boutique.
 34308 | Shoals:4 | Noticed Ilsuiw
 34583 | Shoals:4 | Killed Ilsuiw
 34790 | Shoals:4 | Reached skill level 18 in Unarmed Combat
 34802 | Shoals:4 | Found Wapnuut's Armour Shop.
 35044 | Shoals:4 | Got a barnacled rune of Zot
 35658 | Orc:2    | Bought a scroll of acquirement for 936 gold pieces
 35957 | Shoals:2 | Bought a manual of Throwing for 1435 gold pieces
 35998 | Shoals:4 | Bought a bloodstained cloak for 351 gold pieces
 35998 | Shoals:4 | Identified the cursed -4 cloak "Heelehu" {MR+ Int+6} (You
                  | bought it in a shop on level 4 of the Shoals)
 36195 | Snake:1  | Bought a +4 ring of protection for 504 gold pieces
 36205 | Snake:1  | Bought a potion of haste for 170 gold pieces
 36205 | Snake:1  | Bought a potion of haste for 170 gold pieces
 36205 | Snake:1  | Bought a potion of heal wounds for 85 gold pieces
 36205 | Snake:1  | Bought 2 potions of curing for 102 gold pieces
 36205 | Snake:1  | Bought a potion of curing for 51 gold pieces
 36252 | Snake:3  | Killed Nikola
 36364 | Snake:3  | Received a gift from Okawaru
 36571 | Snake:4  | Entered Level 4 of the Snake Pit
 37194 | Snake:4  | Reached skill level 10 in Throwing
 37271 | Snake:4  | Received a gift from Okawaru
 37271 | Snake:4  | Reached XP level 19. HP: 162/182 MP: 25/25
 37393 | Snake:4  | Received a gift from Okawaru
 37407 | Snake:4  | Reached skill level 19 in Unarmed Combat
 38148 | Snake:4  | Identified Roxanne's Grimoire of Changing
 38148 | Snake:4  | Noticed Roxanne
 38495 | Snake:4  | Noticed Louise
 38507 | Snake:4  | Killed Louise
 38560 | Snake:4  | Received a gift from Okawaru
 38587 | Snake:4  | Received a gift from Okawaru
 38596 | Snake:4  | Got a serpentine rune of Zot
 39041 | D:12     | Reached skill level 20 in Unarmed Combat
 39369 | D:13     | Noticed Rupert
 39381 | D:13     | Killed Rupert
 39649 | D:13     | Found a gate to the Vaults.
 39652 | D:13     | Noticed Erolcha
 39675 | D:13     | Killed Erolcha
 39716 | D:13     | Noticed Snorg
 39726 | D:13     | Killed Snorg
 39771 | D:13     | Found a transporter.
 40037 | D:13     | Found Xaty's Armour Emporium.
 40094 | D:13     | Found a transporter.
 40097 | D:13     | Noticed DEFE's ghost (novice DgSu)
 40503 | D:14     | Found a stormy altar of Qazlal.
 41321 | D:15     | Entered Level 15 of the Dungeon
 41332 | D:15     | Found a staircase to the Depths.
 41808 | Vaults:1 | Entered Level 1 of the Vaults
 41829 | Vaults:1 | Received a gift from Okawaru
 41853 | Vaults:1 | Reached skill level 21 in Unarmed Combat
 41957 | Vaults:1 | Reached XP level 20. HP: 191/191 MP: 26/26
 43081 | Vaults:2 | Reached skill level 22 in Unarmed Combat
 43180 | Vaults:2 | Received a gift from Okawaru
 44027 | Vaults:2 | Received a gift from Okawaru
 44089 | Vaults:2 | Identified the +3 arbalest of Joyful Slaughter {flame, +Fly
                  | rPois Int-5 Dex+3}
 44298 | Vaults:2 | Found a staircase to the Crypt.
 44379 | Vaults:2 | Found Amurphon's General Store.
 44804 | Vaults:3 | Noticed Saint Roka
 44841 | Vaults:3 | Killed Saint Roka
 44841 | Vaults:3 | Received a gift from Okawaru
 44841 | Vaults:3 | Reached XP level 21. HP: 127/204 MP: 20/27
 45043 | Vaults:3 | Received a gift from Okawaru
 45301 | Vaults:3 | Received a gift from Okawaru
 45532 | Vaults:3 | Noticed Mara
 45538 | Vaults:3 | Noticed MisterFreud's illusion
 45552 | Vaults:3 | Killed Mara
 45605 | Vaults:3 | Received a gift from Okawaru
 45964 | Vaults:3 | Reached skill level 15 in Throwing
 46014 | Vaults:3 | Received a gift from Okawaru
 46081 | Vaults:3 | Noticed Frederick
 46101 | Vaults:3 | Killed Frederick
 46101 | Vaults:3 | Received a gift from Okawaru
 46577 | Vaults:4 | Found Wiogih's Food Boutique.
 46960 | Vaults:4 | Found Ihier's Antique Weapon Emporium.
 46969 | Vaults:4 | Found Hiplanos's General Store.
 47337 | Vaults:4 | Received a gift from Okawaru
 47363 | Vaults:4 | Reached XP level 22. HP: 221/221 MP: 28/28
 47398 | Vaults:4 | Found Bafisyuss's Assorted Antiques.
 47446 | Vaults:4 | Received a gift from Okawaru
 48464 | Elf:3    | Identified the Handbook of Lucky Transformation
 48473 | Elf:3    | Identified Jec Maux's Collected Works on Evil Rituals and
                  | Transformation
 48537 | Elf:3    | Identified the +3 hand axe of Rotysarr {chop, *Slow rF+
                  | Str+4}
 48611 | Elf:3    | Identified the cursed +1 great sword of Execution {slice,
                  | Dex+5 SInv}
 49071 | Depths:1 | Entered Level 1 of the Depths
 49081 | Depths:1 | Received a gift from Okawaru
 49293 | Depths:1 | Found Dicaliej's Changing Room.
 49409 | Depths:1 | Found a gateway to Hell.
 49437 | Depths:1 | Found a one-way gate to the infinite horrors of the Abyss.
 49484 | Depths:1 | Received a gift from Okawaru
 49868 | Depths:1 | Received a gift from Okawaru
 50248 | Depths:1 | Found a one-way gate leading to the halls of Pandemonium.
 50829 | Depths:3 | Reached XP level 23. HP: 224/232 MP: 29/29
 51018 | Depths:3 | Identified the cursed +1 leather armour of Gehenna {rN+}
 51294 | Depths:3 | Found a shattered altar of Ashenzari.
 51356 | Depths:3 | Received a gift from Okawaru
 51582 | Depths:3 | Found Kir Ymm's Jewellery Shop.
 51590 | Depths:3 | Bought the ring of Robustness {AC+8} for 2560 gold pieces
 51590 | Depths:3 | Found the ring of Robustness {AC+8}
 51645 | Depths:3 | Noticed Jory
 51675 | Depths:3 | Killed Jory
 51675 | Depths:3 | Received a gift from Okawaru
 51990 | Depths:3 | Found a basalt altar of Yredelemnul.
 52100 | Depths:3 | Reached skill level 15 in Fighting
 52173 | Depths:4 | Received a gift from Okawaru
 52605 | Depths:4 | Received a gift from Okawaru
 52794 | Depths:4 | Found a blossoming altar of Fedhas.
 52800 | Depths:4 | Paralysed by a floating eye for 2 turns
 52813 | Depths:4 | Noticed a juggernaut
 52841 | Depths:4 | Killed a juggernaut
 52985 | Depths:4 | Found Simuavec's Gadget Shoppe.
 52986 | Depths:4 | Found Faeff's Jewellery Boutique.
 52987 | Depths:4 | Found Fotauc's Gadget Shoppe.
 53261 | Depths:5 | Entered Level 5 of the Depths
 53620 | Depths:5 | Found a gate to the Realm of Zot.
 53656 | Depths:5 | Received a gift from Okawaru
 53694 | Depths:5 | Received a gift from Okawaru
 53694 | Depths:5 | Reached XP level 24. HP: 216/247 MP: 29/29
 53722 | Depths:5 | Found a gateway to a ziggurat.
 54087 | Depths:5 | Reached skill level 15 in Armour
 54727 | Snake:1  | Bought 2 potions of invisibility for 272 gold pieces
 55006 | Vaults:5 | Entered Level 5 of the Vaults
 55076 | Vaults:5 | Received a gift from Okawaru
 55320 | Vaults:5 | Identified the +5 ring mail "Weonau" {*Drain +Blink rN+
                  | rCorr Dex+3} (You took it off an orc on level 5 of the
                  | Vaults)
 55326 | Vaults:5 | Received a gift from Okawaru
 55980 | Vaults:5 | Identified the cursed +0 chain mail of the Crypt {rPois
                  | rC++ rN+ Dex-2}
 56060 | Vaults:5 | Reached XP level 25. HP: 260/260 MP: 29/29
 56288 | Vaults:5 | Identified the +6 shortbow "Spiderbane" {speed, rPois rN+
                  | Dex+5}
 56299 | Vaults:5 | Received a gift from Okawaru
 56344 | Vaults:5 | Identified the Catalogue of Cankerous Confrontation
 56402 | Vaults:5 | Found Owkumys's Jewellery Shoppe.
 56424 | Vaults:5 | Got a silver rune of Zot
 56429 | Vaults:5 | Bought an uncursed ring of see invisible for 165 gold
                  | pieces
 56429 | Vaults:5 | Bought the ring "Fimat" {rElec rF- rC+ rN+ Slay+6} for 675
                  | gold pieces
 56909 | Zot:1    | Entered Level 1 of the Realm of Zot
 57058 | Zot:1    | Received a gift from Okawaru
 57860 | Zot:2    | Received a gift from Okawaru
 59091 | Zot:2    | Received a gift from Okawaru
 59283 | Zot:3    | Noticed an orb of fire
 59302 | Zot:3    | Killed an orb of fire
 59312 | Zot:3    | Reached XP level 26. HP: 131/276 MP: 23/29
 59847 | Zot:3    | Identified the +4 dragonskin cloak
 59847 | Zot:3    | Noticed Tiamat
 59902 | Zot:3    | Killed Tiamat
 59930 | Zot:3    | Received a gift from Okawaru
 60388 | Zot:4    | Received a gift from Okawaru
 60394 | Zot:4    | Got a distressingly furry hat {god gift}
 60395 | Zot:4    | Identified the +2 hat of Action {*Slow rF- rC+++ Dex+2}
                  | (Okawaru gifted it to you on level 4 of the Realm of Zot)
 60860 | Zot:4    | Noticed an orb of fire
 60873 | Zot:4    | Killed an orb of fire
 61243 | Zot:4    | Got a sparkling granite ring
 61244 | Zot:4    | Identified the cursed ring of Activism {+Blink rF+ Int-2
                  | Dex+4 Slay-4} (You found it on level 4 of the Realm of Zot)
 61462 | Zot:5    | Entered Level 5 of the Realm of Zot
 61888 | Zot:5    | Noticed an ancient lich
 61896 | Zot:5    | Noticed an orb of fire
 61907 | Zot:5    | Killed an ancient lich
 61913 | Zot:5    | Killed an orb of fire
 61914 | Zot:5    | Noticed an ancient lich
 61921 | Zot:5    | Killed an ancient lich
 61921 | Zot:5    | Received a gift from Okawaru
 61963 | Zot:5    | Reached XP level 27. HP: 216/291 MP: 29/29
 62045 | Zot:5    | Noticed an ancient lich
 62061 | Zot:5    | Killed an ancient lich
 62085 | Zot:5    | Noticed an orb of fire
 62090 | Zot:5    | Gained mutation: Your body sometimes deteriorates upon
                  | taking damage. [an orb of fire]
 62093 | Zot:5    | Gained mutation: You are frail. (-10% HP) [an orb of fire]
 62105 | Zot:5    | Gained mutation: You tend to lose your temper in combat.
                  | [an orb of fire]
 62107 | Zot:5    | Killed an orb of fire
 62113 | Zot:5    | Lost mutation: Your body sometimes deteriorates upon taking
                  | damage. [potion of mutation]
 62113 | Zot:5    | Lost mutation: You are frail. (-10% HP) [potion of
                  | mutation]
 62113 | Zot:5    | Lost mutation: You tend to lose your temper in combat.
                  | [potion of mutation]
 62113 | Zot:5    | Lost mutation: You are dopey. (Int -2) [potion of mutation]
 62113 | Zot:5    | Gained mutation: You have a beak for a mouth. [potion of
                  | mutation]
 62113 | Zot:5    | Gained mutation: You expend magic power (3 MP) to
                  | strengthen your wands. [potion of mutation]
 62396 | Zot:5    | Received a gift from Okawaru
 62468 | Zot:5    | Received a gift from Okawaru
 62478 | Zot:5    | Noticed an orb of fire
 62478 | Zot:5    | Noticed an ancient lich
 62478 | Zot:5    | Noticed an ancient lich
 62488 | Zot:5    | Noticed an orb of fire
 62494 | Zot:5    | Gained mutation: Your magical capacity is low. (-10% MP)
                  | [an orb of fire]
 62499 | Zot:5    | Gained mutation: You are frail. (-10% HP) [an orb of fire]
 62506 | Zot:5    | Noticed an ancient lich
 62512 | Zot:5    | Gained mutation: Your magical capacity is very low. (-20%
                  | MP) [an orb of fire]
 62515 | Zot:5    | HP: 3/261 [death cob[an ancient lich] (14)]
 62517 | Zot:5    | Killed from afar by an orb of fire

Vault maps used:
D:1:      dpeg_arrival_pits
D:2:      lemuel_doored_altar, grunt_qazlal_clouds,
          gammafunk_temple_overflow_arena,
          chequers_ecumenical_altar_simple_redux, minmay_misc_feat_plants,
          minmay_misc_feat_iff, minmay_hexomino_c4
D:3:      marbit_many_paths, minmay_cupped, uniq_terence
D:4:      nicolae_overflow_crystal_walls, lemuel_crystal_altar,
          nicolae_overflow_hidden_temple, first_ration, uniq_natasha
D:6:      nicolae_gozag_zags_fifth_avenue, minmay_temple_entry_slanted,
          uniq_eustachio
D:7:      kennysheep_mini_moat, fedhas_altar_1
D:8:      lemuel_coloured_pillars_altar, serial_shops, shop, uniq_harold,
          uniq_pikel
D:9:      serial_park, serial_park_tiny_pond, serial_park_tiny_2,
          minmay_parallelograms
D:10:     enter_trove_5, basic_altar, david_nohive_1
D:11:     dpeg_oklobed_lair, uniq_grum, uniq_urug, uniq_erica
D:12:     minmay_stone_box
D:13:     david_vaults_2, serial_shops, nicolae_shop_trees,
          gammafunk_ghost_stat_death, uniq_erolcha, uniq_snorg, uniq_rupert
D:14:     minmay_wizard_corner, basic_altar, minmay_holes, minivault_14,
          minivault_15
D:15:     grunt_enter_depths_giant_problem, st_stairs_13
Temple:   pf_slimified_temple
Lair:1:   st_stairs_3, nicolae_quartered_pool_super, beast_lair_carwin_1
Lair:2:   elwin_shoals_entry_rooms, grunt_forest_stairs_basic, uniq_sonja
Lair:3:   serial_forest, infiniplex_forest_straight_4,
          infiniplex_forest_straight_4, infiniplex_forest_lined_3_way,
          infiniplex_forest_lined_4_way, infiniplex_forest_clump_diagonal,
          serial_bayou_crossing
Lair:4:   guppyfry_snake_entry_garden, ebering_ghost_rock_garden,
          minmay_another_anthill, minmay_lair_oklob_chamber,
          infiniplex_staircase_pool_2
Lair:5:   minmay_slime_entry_oklob_enclosed, gammafunk_ghost_hive
Lair:6:   evilmike_catoblepas_cave, kilobyte_rumbling_trees, uniq_josephine
Shoals:2: nicolae_alphabet_shops, nicolae_shoals_loop_pool
Shoals:3: nzn_motion_control, gammafunk_ghost_cemetery
Shoals:4: shoals_end_hangedman, shoals_ilsuiw_ice, serial_shops, bzr_entry_road,
          shop, shop_statue, shop, nicolae_shop_crystal
Snake:1:  minmay_shoptagon, serial_bayou_shore_b
Snake:2:  serial_shops, shop, guppyfry_library_mini, uniq_vashnia, uniq_kirke
Snake:3:  serial_bayou_shore_a, uniq_nikola, uniq_azrael
Snake:4:  snake_pit_salamanders_mu, uniq_louise, uniq_roxanne
Orc:2:    st_orc_pillars
Elf:1:    serial_shops, shop, special_room, serial_co_window_serial,
          co_window_of_opportunity_a, co_window_corner_a, co_window_paths_b,
          co_window_corner_a, co_window_paths_a, co_window_corner_a,
          co_window_corner_a, co_window_2corner, co_window_corner_cb,
          co_window_2corner, co_window_of_opportunity_c, co_window_4corner_b,
          kennysheep_underground_church
Elf:2:    portal_desolation_entry_nicolae_nacl
Elf:3:    minmay_elf_hall_quartered_circle, serial_shops, shop
Vaults:1: nicolae_vaults_what_the_h, vaults_room_grunt_arrival_ludios,
          nicolae_vaults_lopsided_apartments, v_misc_18, hangedman_vaults_locks,
          nicolae_vaults_rhombus_7, vaults_mumra_chevron_long,
          hangedman_vaults_impose, nicolae_vaults_little_squares_5,
          ontoclasm_vaults_twist, hangedman_vaults_river_flow,
          hangedman_vaults_cutoff
Vaults:2: st_spiral_rooms, v_misc_8, v_misc_16,
          minmay_crypt_entry_skeletal_spiral, hangedman_vaults_cutoff,
          v_misc_13, nicolae_vaults_border_crossing,
          nicolae_vaults_yaktaur_gun_rack, ontoclasm_vaults_idyll,
          hangedman_vaults_trim, serial_shops, shop
Vaults:3: hangedman_vaults_stream, v_misc_24, kb_rosetta,
          nicolae_vaults_shelves_hall, ontoclasm_vaults_spin,
          ontoclasm_vaults_ring_square, vaults_standard_mumra_lines,
          vaults_standard_mumra_enter_the_diamond, v_alt_pattern_2,
          ontoclasm_vaults_ring_small, vaults_dpeg_ring,
          ontoclasm_vaults_loading_screen, vaults_room_semicircle,
          uniq_saint_roka, uniq_mara, uniq_frederick
Vaults:4: v_misc_16, grunt_vaults_trifunnel, nicolae_vaults_three_branches,
          vaults_mumra_minichess_inversion, hangedman_vaults_hat, v_misc_8,
          ontoclasm_vaults_loading_screen, vaults_room_grunt_arrival_checkpoint,
          vaults_dpeg_encased_lava, vaults_room_semicircle, vaults_room_corners,
          serial_shops, shop_statue, shop, shop, shop
Depths:1: hangedman_tar_grid_catacomb, grunt_pan_entry_in_and_out, abyss_entry,
          hangedman_abyss_or_decor_passed, chequers_hall_statues_wall_a,
          ebering_dispersal_statue_hall, nrook_campfire, minmay_misc_feat_tiny,
          serial_sigils_hangedman_confine, hangedman_decor_growths,
          wad_floor_pattern_untrapped, nicolae_transmutations_shop,
          eino_tiny_chamber, grunt_decor_cap, spider_trap
Depths:2: lemuel_river_lethe, pan_entry, hell_entry, uniq_sojobo
Depths:3: lemuel_vampire_tower, pan_entry, abyss_entry, serial_shops, shop,
          ashenzari_altar_1, hell_entry, nrook_mini_vaults,
          infiniplex_staircase_zigzag_1
Depths:4: minmay_the_grid_triangle_9x9_recursive_2_mashed, hell_entry,
          nicolae_lava_and_water, abyss_entry, minmay_shop_grove, uniq_jory
Depths:5: grunt_crosshair, enter_ziggurat_a, hell_entry, grunt_megastairs_3
Zot:1:    st_single_dragon_hoard_1
Zot:3:    uniq_tiamat
Zot:4:    minmay_elemental_castle
Zot:5:    st_stairs_12
Bazaar:   bazaar_minmay_generic_island

Skill      XL: |  1  2  3  4  5  6  7  8  9 10 11 12 13 14 15 16 17 18 19 20 21 22 23 24 25 26 27 |
---------------+----------------------------------------------------------------------------------+-----
Unarmed Combat | 1 2 3 4 6 7 8 10 12 16 18 21 22 | 22.0
Throwing       | 5 6 8 10 12 14 15 17 18 19 20 21 | 21.0
Dodging        | 4 6 |  6.2
Shields        | 2 4 10 13 14 | 14.4
Fighting       | 5 6 7 9 10 11 13 14 15 16 18 20 | 20.0
Invocations    | 6 7 8 10 | 10.0
Armour         | 3 8 10 12 13 14 16 | 16.0
Evocations     | 6 10 | 10.0
Stealth        | |  0.3

Action                   |  1- 3 |  4- 6 |  7- 9 | 10-12 | 13-15 | 16-18 | 19-21 | 22-24 | 25-27 || total
-------------------------+-------+-------+-------+-------+-------+-------+-------+-------+-------++-------
Melee: Unarmed           |    79 |   179 |   377 |   949 |  1893 |  1897 |  1830 |  1866 |   981 || 10051
       Punch             |       |     3 |     4 |       |       |       |       |       |       ||     7
       Dagger            |       |       |       |       |       |    12 |       |       |       ||    12
       Peck              |       |       |       |       |       |       |       |       |    10 ||    10
Throw: Large rock        |       |     3 |       |    12 |    43 |    28 |       |       |     9 ||    95
       Throwing net      |       |       |       |       |     3 |       |       |       |       ||     3
       Tomahawk          |       |       |       |       |     2 |       |       |       |       ||     2
       Javelin           |       |       |       |       |       |     3 |       |       |       ||     3
Invok: Heroism           |       |       |     2 |     9 |    21 |    30 |     8 |    14 |    18 ||   102
       Finesse           |       |       |       |       |     8 |     5 |     7 |     7 |     9 ||    36
Evoke: Wand              |       |       |       |       |       |     5 |     4 |     5 |     2 ||    16
       Phantom mirror    |       |       |       |       |       |       |       |       |     1 ||     1
  Use: Scroll            |       |     6 |       |    16 |    13 |    12 |    12 |     9 |    12 ||    80
       Potion            |       |       |     3 |       |       |     6 |       |     1 |     7 ||    17
 Stab: Sleeping          |     1 |       |       |     8 |     7 |     8 |    13 |     6 |     6 ||    49
       Petrified         |       |       |       |       |     8 |     2 |       |       |       ||    10
       Distracted        |       |       |       |       |       |     2 |     1 |     1 |     1 ||     5
  Eat: Chunk             |    16 |    16 |    37 |    60 |    94 |   111 |    94 |    70 |    47 ||   545
       Ration            |       |       |       |       |     4 |     2 |       |     2 |     3 ||    11
Armor: Robe              |    23 |    44 |    39 |    15 |       |       |       |       |       ||   121
       Shadow dragon sca |       |       |       |   399 |   884 |   599 |   323 |   431 |   271 ||  2907
Dodge: Dodged            |    36 |    85 |   155 |   271 |   644 |   937 |   389 |   423 |   203 ||  3143
Block: Shield            |       |       |    61 |   474 |  1153 |  1305 |   303 |       |       ||  3296
       Reflection        |       |       |       |       |    48 |   146 |    38 |       |       ||   232
       Large shield      |       |       |       |       |       |       |   887 |  1679 |   735 ||  3301

Table legend:
 A = Non-vault XP
 B = Vault XP
 C = Vault XP percentage of total XP
 D = Non-vault monster count
 E = Vault monster count
 F = Vault count percentage of total count
                 A         B        C        D         E       F
            +---------+---------+-------+---------+---------+-------
      Total |  868147 |  668662 |  43.5 |    1631 |     814 |  33.3
            +---------+---------+-------+---------+---------+-------
        D:1 |      31 |       0 |   0.0 |      15 |       0 |   0.0
        D:2 |      80 |      12 |  13.0 |      26 |       7 |  21.2
        D:3 |     144 |      42 |  22.6 |      29 |       4 |  12.1
        D:4 |     512 |      35 |   6.4 |      18 |       1 |   5.3
        D:5 |    1926 |       0 |   0.0 |      48 |       0 |   0.0
        D:6 |    1985 |     202 |   9.2 |      34 |       1 |   2.9
        D:7 |     874 |       0 |   0.0 |      22 |       0 |   0.0
        D:8 |    2169 |    1628 |  42.9 |      32 |       2 |   5.9
        D:9 |    1891 |       0 |   0.0 |      20 |       0 |   0.0
       D:10 |    3660 |    2166 |  37.2 |      35 |      16 |  31.4
       D:11 |    7815 |    3486 |  30.8 |      34 |       9 |  20.9
       D:12 |    7907 |     325 |   3.9 |      42 |       4 |   8.7
       D:13 |    3223 |    6760 |  67.7 |      11 |       6 |  35.3
       D:14 |    8928 |    5418 |  37.8 |      31 |       8 |  20.5
       D:15 |    6765 |    1889 |  21.8 |      20 |       2 |   9.1
     Lair:1 |    2600 |    1571 |  37.7 |      17 |       7 |  29.2
     Lair:2 |    5715 |    1269 |  18.2 |      19 |       2 |   9.5
     Lair:3 |    5680 |    1935 |  25.4 |      22 |      11 |  33.3
     Lair:4 |    4654 |    4008 |  46.3 |      21 |      21 |  50.0
     Lair:5 |    1944 |     332 |  14.6 |       6 |       2 |  25.0
     Lair:6 |    6597 |   14442 |  68.6 |      30 |      34 |  53.1
   Shoals:1 |   15952 |       0 |   0.0 |      29 |       0 |   0.0
   Shoals:2 |   19281 |       0 |   0.0 |      46 |       0 |   0.0
   Shoals:3 |   10616 |    3876 |  26.7 |      25 |       5 |  16.7
   Shoals:4 |    6999 |   20801 |  74.8 |      12 |      30 |  71.4
    Snake:1 |   11302 |     854 |   7.0 |      25 |       1 |   3.8
    Snake:2 |   32108 |   16061 |  33.3 |      65 |      22 |  25.3
    Snake:3 |   25616 |    5732 |  18.3 |      46 |       4 |   8.0
    Snake:4 |   22280 |   48152 |  68.4 |      39 |      65 |  62.5
      Orc:1 |   11901 |     521 |   4.2 |      60 |       4 |   6.2
      Orc:2 |    2797 |   11171 |  80.0 |      32 |      60 |  65.2
      Elf:1 |   16950 |   13432 |  44.2 |      30 |      32 |  51.6
      Elf:2 |   16190 |   21337 |  56.9 |      28 |      30 |  51.7
      Elf:3 |   18637 |   38023 |  67.1 |      31 |      26 |  45.6
   Vaults:1 |   14026 |   30771 |  68.7 |      30 |      43 |  58.9
   Vaults:2 |   32481 |   27277 |  45.6 |      61 |      41 |  40.2
   Vaults:3 |   36701 |   53897 |  59.5 |      62 |      62 |  50.0
   Vaults:4 |   38323 |   20346 |  34.7 |      49 |      25 |  33.8
   Vaults:5 |   41003 |  107474 |  72.4 |      66 |      83 |  55.7
   Depths:1 |   40710 |      51 |   0.1 |      57 |       2 |   3.4
   Depths:2 |       0 |   10060 | 100.0 |       0 |      30 | 100.0
   Depths:3 |   41640 |   26209 |  38.6 |      41 |      42 |  50.6
   Depths:4 |   47344 |   18287 |  27.9 |      60 |       9 |  13.0
   Depths:5 |   32966 |   37815 |  53.4 |      37 |      25 |  40.3
      Zot:1 |   46950 |    4429 |   8.6 |      25 |       1 |   3.8
      Zot:2 |   78486 |       0 |   0.0 |      50 |       0 |   0.0
      Zot:3 |   52312 |   25719 |  33.0 |      31 |      13 |  29.5
      Zot:4 |   45752 |    5300 |  10.4 |      24 |       3 |  11.1
      Zot:5 |   29045 |   75258 |  72.2 |      18 |      18 |  50.0
    Abyss:3 |    4679 |       0 |   0.0 |      20 |       0 |   0.0
 Desolation |       0 |     289 | 100.0 |       0 |       1 | 100.0
            +---------+---------+-------+---------+---------+-------
